 Dungeon Crawl Stone Soup version 0.28-a0-1493-g08698888e4 (webtiles) character file.

Game seed: 4667756917403241737

10348 Gwenloh the Merchant of Misery (level 11, -2/81 HPs)
             Began as a Deep Dwarf Necromancer on Jan 11, 2022.
             Was a Believer of Kikubaaqudgha.
             Succumbed to a minotaur's poison
             ... in a Gauntlet on Jan 12, 2022.
             The game lasted 01:07:14 (17325 turns).

Gwenloh the Merchant of Misery (DDNe)              Turns: 17325, Time: 01:07:15

Health: -2/81      AC: 12    Str: 12    XL:     11   Next: 35%
Magic:  29/32 (23) EV: 14    Int: 20    God:    Kikubaaqudgha [**....]
Gold:   600        SH:  0    Dex: 13    Spells: 11/28 levels left

rFire   + . .      SeeInvis .   S - +12 rapier of Kakevulaw {flame, rF+ Will++}
rCold   . . .      Faith    .   (no shield)
rNeg    . . .      Spirit   .   R - +0 acid dragon scales
rPois   .          Reflect  .   (no helmet)
rElec   .          Harm     .   h - +0 cloak
rCorr   +          Rampage  .   q - +0 pair of gloves
Will    +++..      NoTele   +   (no boots)
Stlth   ++++......              (no amulet)
HPRegen 0.00/turn               l - +4 ring of protection
MPRegen 0.23/turn               I - ring of magical power

@: lethally poisoned (-2 -> -19)
A: damage resistance, heal wounds, sense surroundings 2, no regeneration
a: Heal Wounds, Renounce Religion, Receive Corpses


You were in a Gauntlet.
You worshipped Kikubaaqudgha.
Kikubaaqudgha was pleased with you.
You visited 2 branches of the dungeon, and saw 12 of its levels.
You also visited: Sewer, Bailey and Gauntlet.

You collected 600 gold pieces.

Inventory:

Hand Weapons
 f - a +0 dagger
 j - a +3 dagger
 r - a +2 dagger of venom
 M - a +0 whip of pain
 S - the +12 rapier of Kakevulaw (weapon) {flame, rF+ Will++}
   (You found it in a Gauntlet)

   It burns those it strikes, dealing additional fire damage.
   rF:        It protects you from fire.
   Will:      It greatly increases your willpower.
Missiles
 J - 11 boomerangs
Armour
 h - a +0 cloak (worn)
 q - a +0 pair of gloves (worn)
 C - a +0 kite shield
 L - +0 steam dragon scales
 R - +0 acid dragon scales (worn)
 U - +0 pearl dragon scales
Magical Staves
 p - a staff of death
Jewellery
 l - a +4 ring of protection (left hand)
 m - a ring of flight
 w - a ring of resist corrosion
 I - a ring of magical power (right hand)
 P - a ring of protection from fire
 T - the ring of Pantheism {Fly rC+ Str-5 Dex+4}
   (You found it in a Gauntlet)

   [ring of flight]

   Str:       It affects your strength (-5).
   Dex:       It affects your dexterity (+4).
   rC:        It protects you from cold.
   Fly:       It grants you flight.
Wands
 a - a wand of polymorph (5)
 G - a wand of iceblast (8)
 H - a wand of acid (3)
Scrolls
 c - 3 scrolls of magic mapping
 d - 2 scrolls of torment
 k - 2 scrolls of vulnerability
 s - a scroll of silence
 t - 2 scrolls of immolation
 x - 3 scrolls of fear
 y - 2 scrolls of brand weapon {unknown}
 z - 2 scrolls of blinking
 A - a scroll of holy word {unknown}
 D - 3 scrolls of teleportation
 K - a scroll of enchant weapon {unknown}
 O - 2 scrolls of fog
 Q - a scroll of enchant armour {unknown}
Potions
 b - 2 potions of haste {unknown}
 e - 3 potions of heal wounds {unknown}
 g - 3 potions of curing {unknown}
 i - 2 potions of magic {unknown}
 n - a potion of brilliance {unknown}
 o - a potion of flight {unknown}
 u - a potion of mutation {unknown}
 v - 2 potions of attraction {unknown}
 B - 2 potions of lignification {unknown}
 E - 2 potions of degeneration {unknown}
 F - a potion of cancellation {unknown}
 N - a potion of resistance


   Skills:
 + Level 8.3 Dodging
 + Level 9.9 Stealth
 * Level 9.0 Spellcasting
 * Level 12.2 Necromancy


You had 11 spell levels left.
You knew the following spells:

 Your Spells              Type           Power      Damage    Failure   Level
a - Pain                  Necr           100%       1d9       1%          1
b - Vampiric Draining     Necr           55%        2d9       1%          3
c - Agony                 Necr           55%        N/A       1%          5
d - Dispel Undead         Necr           55%        3d20      1%          4
e - Animate Dead          Necr           27%        N/A       1%          4

Your spell library contained the following spells:

 Spells                   Type           Power      Damage    Failure   Level
 Animate Skeleton         Necr           100%       N/A       1%          1
 Sublimation of Blood     Necr           55%        N/A       1%          2
 Sting                    Tmut/Pois      36%        1d4       12%         1
 Poisonous Vapours        Pois/Air       18%        N/A       17%         2
 Static Discharge         Conj/Air       9%         N/A       17%         2
 Dazzling Flash           Conj/Hex       18%        N/A       34%         3
 Iskenderun's Mystic Bla  Conj/Tloc      9%         2d4       75%         4
 Olgreb's Toxic Radiance  Pois           9%         N/A       75%         4
 Sticky Flame             Conj/Fire      9%         2d3       75%         4
 Starburst                Conj/Fire      4%         6d4       100%        6


Dungeon Overview and Level Annotations

Branches:
Dungeon (11/15)            Temple (1/1) D:6            Lair (0/6) D:10
  Sewer (visited)          Bailey (visited)         Gauntlet (1/1)
    Orc: D:9-12

Altars:
Ashenzari
Cheibriados
Dithmenos
Elyvilon
Fedhas
Gozag
Hepliaklqana
Kikubaaqudgha
Makhleb
Nemelex Xobeh
Okawaru
Qazlal
Ru
Sif Muna
Trog
Uskayaw
Vehumet
Wu Jian
Xom
Yredelemnul
Zin
The Shining One

Annotations:
D:6 2 transporters, sastreii's ghost, novice GnGl
D:8 Gastronok Gauntlet 6 transporters, 2 runed translucent doors, exclusion: 2 oklob plants


Innate Abilities, Weirdness & Mutations

You are resistant to damage.
You can heal yourself by infusing magical energy.
You passively map the area around you.
You do not regenerate.


Message History

The shadow imp grins evilly.
The shadow imp puffs mist at you.
The reaper smiles without lips.
The reaper says, "Everyone has to die sometime, and your time is now."
The shadow imp lashes its tail.
Done waiting.
You feel much better.
You feel much better.
The shadow imp summons a swarm of flies.
There is a transporter landing site here.
Okay, then.
Okay, then.
A minotaur comes into view.
It is wielding a +3 battleaxe of venom and wearing the +0 plate armour of Grim Creativity {Harm rPois rN++ Str-2}.
There is a fountain of clear blue water here.
The shadow imp shouts, "Scamper away, thou bumbling nut-hook socdollager!"
There is a fountain of clear blue water here.
There is a transporter landing site here.
Okay, then.
There is a fountain of clear blue water here.
Okay, then.
There is a transporter landing site here.
There is a transporter landing site here.
There is a fountain of clear blue water here.
There is a fountain of clear blue water here.
Found a pitted cloak and a wand of mindburst (6).
Kikubaaqudgha delivers you corpses!
The minotaur bellows!
The minotaur hits you with a +3 battleaxe of venom!!!
Ouch! That really hurt!
* * * LOW HITPOINT WARNING * * *
You are lethally poisoned!
The minotaur completely misses you.
* * * LOW HITPOINT WARNING * * *
You feel extremely sick.
You see here a rime drake corpse.
Okay, then.
Blink to where?
Press: ? - help, Dir - move target
As you read the scroll of blinking, it crumbles to dust.
You die...
Kikubaaqudgha rasps: "You have failed me!
Welcome... death!"

.5552#.∩.#...#.#.#######
*
######...#.©.#,..#8.8[8/
.#.....⌠.#...###††......
* ######...#.©.#.†H#8,
..#./#.∩.#...#.#§#####
#.#.)#...#.⌠.#.#.....#
#.)###..##..........8#
..'.y#.###.⌠.###.##.##
##'###.≈##......@...#
.....#.≈≈#.⌠.########
.....#.≈##...#
######.####### .......≈#
≈#≈≈≈#≈≈≈# ###≈###≈## #
### *##


You could see a minotaur.

Vanquished Creatures
  A two-headed ogre (D:10)
  A deep elf pyromancer (D:10)
  An unseen horror (D:10)
  A komodo dragon (D:11)
  A meliai (Gauntlet)
  3 trolls (D:10)
  2 shadows
  3 humans (Bailey)
  3 yaks (D:10)
  2 steam dragons (D:8)
  3 water moccasins
  4 acid dragons
  2 ice beasts
  3 sky beasts
  5 orc warriors
  7 centaurs
  An ogre (D:5)
  2 phantoms
  A kobold brigand (D:8)
  10 bullfrogs
  A gnoll sergeant (D:6)
  A wyvern zombie (D:8)
  4 scorpions
  2 water moccasin zombies (D:6)
  14 killer bees
  9 wights
  A vampire bat (D:6)
  7 howler monkeys
  2 centaur zombies
  2 centaur skeletons
  2 hounds
  A jelly (D:6)
  3 orc priests
  2 gnoll shamans
  A bullfrog skeleton (D:5)
  2 iguanas (D:5)
  9 orc wizards
  A hell rat (Sewer)
  A killer bee zombie (D:8)
  10 adders
  8 gnolls
  A river rat (Sewer)
  A shadow imp (D:6)
  A worm (D:3)
  2 dart slugs
  27 orcs
  A bat (D:2)
  A bat skeleton (D:6)
  6 bat zombies (D:6)
  8 endoplasms
  6 giant cockroaches
  15 goblins
  10 hobgoblins
  7 jackals
  9 kobolds
  5 quokkas
  5 ball pythons
  2 frilled lizards
  11 rats
257 creatures vanquished.

Vanquished Creatures (collateral kills)
  A meliai (Gauntlet)
  An ice beast (D:6)
2 creatures vanquished.

Vanquished Creatures (others)
  An orc wizard (D:8)
  A fungus (Gauntlet)
  17 plants
19 creatures vanquished.

Grand Total: 278 creatures vanquished

Notes
Turn   | Place    | Note
-------+----------+-------------------------------------------
     0 | D:1      | Gwenloh the Deep Dwarf Necromancer began the quest for the
                  | Orb.
     0 | D:1      | Reached XP level 1. HP: 15/15 MP: 3/3
   462 | D:1      | Reached XP level 2. HP: 22/22 MP: 1/4
  1492 | D:2      | Reached XP level 3. HP: 21/28 MP: 4/6
  1580 | D:2      | Learned a level 3 spell: Vampiric Draining
  1689 | D:2      | Reached skill level 5 in Necromancy
  2362 | D:3      | Reached XP level 4. HP: 36/36 MP: 4/7
  2460 | D:3      | Found an iron altar of Okawaru.
  3014 | D:4      | Noticed a scorpion
  3080 | D:4      | Noticed a necrophage
  3237 | D:4      | Found an opulent altar of Gozag.
  3237 | D:4      | Found a sparkling altar of Nemelex Xobeh.
  3420 | D:4      | Killed a scorpion
  3421 | D:4      | Reached XP level 5. HP: 42/42 MP: 2/9
  3486 | D:4      | Learned a level 4 spell: Animate Dead
  3783 | D:5      | Entered Level 5 of the Dungeon
  4643 | D:5      | Noticed an ogre
  4659 | D:4      | Reached XP level 6. HP: 31/49 MP: 0/10
  5024 | D:5      | Reached skill level 6 in Necromancy
  5465 | D:5      | Noticed a sky beast
  5472 | D:5      | Killed a sky beast
  5473 | D:5      | Reached XP level 7. HP: 55/55 MP: 1/12
  5618 | D:5      | Learned a level 4 spell: Dispel Undead
  5717 | D:6      | Reached skill level 5 in Stealth
  5809 | D:6      | Found a staircase to the Ecumenical Temple.
  5815 | Temple   | Entered the Ecumenical Temple
  5991 | Temple   | Upgraded the game from 0.28-a0-1485-g077359a4bf to
                  | 0.28-a0-1493-g08698888e4
  6219 | D:6      | Found a glowing drain.
  6232 | D:6      | Reached skill level 7 in Necromancy
  6237 | Sewer    | Entered a sewer
  7121 | D:6      | Reached XP level 8. HP: 47/62 MP: 0/15
  7243 | D:6      | Identified the +0 kite shield of Purpose {rCorr Int+2}
  7256 | D:6      | Noticed sastreii's ghost (novice GnGl)
  7294 | D:6      | Found a transporter.
  7295 | D:6      | Found a transporter.
  7716 | D:6      | Reached skill level 5 in Spellcasting
  7789 | D:6      | Found an ancient bone altar of Kikubaaqudgha.
  7796 | D:6      | Became a worshipper of Kikubaaqudgha
  7987 | D:6      | Reached skill level 5 in Dodging
  8147 | D:6      | Reached skill level 8 in Necromancy
  8479 | D:6      | Found a shimmering blue altar of Sif Muna.
  8547 | D:7      | Noticed a cyclops
  8689 | D:6      | Gained mutation: You passively map the area around you.
                  | [Deep Dwarf growth]
  8689 | D:6      | Reached XP level 9. HP: 57/68 MP: 1/17
  9079 | D:7      | Reached skill level 9 in Necromancy
  9530 | D:7      | Found a hazy altar of Hepliaklqana.
  9813 | D:7      | Found a stormy altar of Qazlal.
  9813 | D:7      | Found a radiant altar of Vehumet.
  9815 | D:7      | Found a broken altar of Ashenzari.
  9818 | D:7      | Found a hide-covered altar of Uskayaw.
 10257 | D:8      | Reached * piety under Kikubaaqudgha
 10257 | D:8      | Received a gift from Kikubaaqudgha
 10260 | D:8      | Found a flagged portal.
 10571 | Bailey   | Entered a bailey
 10656 | Bailey   | Learned a level 5 spell: Agony
 10669 | Bailey   | Reached skill level 10 in Necromancy
 10856 | Bailey   | Reached XP level 10. HP: 70/75 MP: 7/20
 11183 | Bailey   | Noticed a vault guard
 11190 | Bailey   | Noticed a vault guard
 11190 | Bailey   | Noticed Prince Ribbit
 11718 | D:8      | Noticed Gastronok
 11814 | D:8      | Reached ** piety under Kikubaaqudgha
 13570 | D:9      | Found a glowing golden altar of the Shining One.
 13834 | D:9      | Reached skill level 11 in Necromancy
 14435 | D:10     | Entered Level 10 of the Dungeon
 15088 | D:10     | Noticed a two-headed ogre
 15220 | D:10     | Noticed a deep elf pyromancer
 15227 | D:10     | Killed a deep elf pyromancer
 15476 | D:10     | Reached XP level 11. HP: 81/81 MP: 17/22
 16021 | D:10     | Noticed a stone giant
 16174 | D:10     | Found a staircase to the Lair.
 16203 | D:10     | Noticed a two-headed ogre
 16207 | D:10     | Killed a two-headed ogre
 16208 | D:10     | Reached skill level 12 in Necromancy
 16506 | D:11     | Noticed a two-headed ogre
 16525 | D:11     | Found a gate leading to a gauntlet.
 16529 | Gauntlet | Entered a Gauntlet
 16529 | Gauntlet | Found a transporter.
 16529 | Gauntlet | Found a transporter.
 16569 | Gauntlet | Found a transporter.
 16573 | Gauntlet | Found a transporter.
 16573 | Gauntlet | Found a transporter.
 16574 | Gauntlet | Found a transporter.
 16601 | Gauntlet | Found a runed translucent door.
 16601 | Gauntlet | Found a runed translucent door.
 16609 | Gauntlet | Found a transporter.
 16613 | Gauntlet | Found a transporter.
 16626 | Gauntlet | Noticed a reaper
 16628 | Gauntlet | Found a transporter.
 16640 | Gauntlet | Found a runed translucent gate.
 16641 | Gauntlet | Found a transporter.
 16641 | Gauntlet | Found a runed translucent gate.
 16642 | Gauntlet | Found a runed translucent gate.
 16657 | Gauntlet | Found a transporter.
 16661 | Gauntlet | Found a transporter.
 16664 | Gauntlet | Noticed an oklob plant
 16673 | Gauntlet | Noticed an oklob plant
 17076 | Gauntlet | Identified the +12 rapier of Kakevulaw {flame, rF+ Will++}
 17105 | Gauntlet | Identified the ring of Pantheism {Fly rC+ Str-5 Dex+4}
 17298 | Gauntlet | Identified the +0 plate armour of Grim Creativity {Harm
                  | rPois rN++ Str-2}
 17298 | Gauntlet | Noticed a minotaur
 17322 | Gauntlet | Found the +2 shield of Resistance {rF++ rC++ Will++}
 17325 | Gauntlet | Succumbed to a minotaur's poison

Illustrated notes

Levels and vault maps discovered:
D:1:      psy_arrival_basics, layout_loops_corners, hangedman_decor_slide_cut
D:2:      layout_basic, serial_bayou_ford_a, minivault_11
D:3:      layout_basic, marbit_many_paths
D:4:      layout_loops_cross, grunt_temple_overflow_opulence
D:5:      layout_loops_cross
D:6:      minmay_clustersquares, layout_cave_pools, kennysheep_vampire_church,
          lemuel_blue_sif_altar, minmay_temple_entry_wispy,
          gup_sewer_entry_glass, gammafunk_ghost_gnarly_gnolls
D:7:      layout_gridville, mainiacjoe_overflow_concentric_impassable,
          minitemple
D:8:      layout_rooms, enter_bailey_5, uniq_gastronok
D:9:      layout_gridville, general_overflow_altar, minmay_hedge_maze
D:10:     nzn_winding_woodlands_medium [nzn_winding_woodlands_5x5_open_star,
          nzn_winding_woodlands_5x15_jagged, nzn_winding_woodlands_5x5_cross,
          nzn_winding_woodlands_hourglass,
          nzn_winding_woodlands_center_diamonds,
          nzn_winding_woodlands_5x5_perimeter,
          nzn_winding_woodlands_5x5_closed_star,
          nzn_winding_woodlands_5x15_zeroes, nzn_winding_woodlands_5x5_three],
          layout_basic
D:11:     layout_loops_ring, special_room [special_room_orc],
          gauntlet_entry_generic, minivault_16
Temple:   grunt_temple_mini_profane
Gauntlet: minmay_gauntlet_77_indecision [minmay_gauntlet_arena_77_two_paths,
          minmay_gauntlet_arena_77_block_sizes,
          minmay_gauntlet_arena_77_checkered,
          minmay_gauntlet_arena_77_shame_cube,
          minmay_gauntlet_arena_77_run_for_it,
          minmay_gauntlet_arena_77_chump_sandwich,
          nicolae_gauntlet_exit_dead_adventurers]

Skill      XL: |  1  2  3  4  5  6  7  8  9 10 11 |
---------------+----------------------------------+-----
Spellcasting   | 2 3 4 5 7 8 9 |  9.0
Stealth        | 3 4 5 6 8 9 |  9.9
Necromancy     | 5 6 7 8 10 11 12 | 12.2
Dodging        | 3 4 5 6 7 8 |  8.3

Action                   |  1- 3 |  4- 6 |  7- 9 | 10-12 || total
-------------------------+-------+-------+-------+-------++-------
Melee: Dagger            |     8 |    15 |    13 |       ||    36
       Staff             |       |    11 |    61 |    41 ||   113
Throw: Boomerang         |       |       |       |     4 ||     4
 Cast: Pain              |    73 |    78 |    99 |    96 ||   346
       Vampiric Draining |     6 |    15 |    88 |   108 ||   217
       Dispel Undead     |       |       |    22 |    17 ||    39
       Animate Dead      |       |       |     1 |     5 ||     6
       Agony             |       |       |       |    14 ||    14
Invok: Receive Corpses   |       |       |       |     6 ||     6
 Abil: Heal Wounds       |       |       |     2 |     3 ||     5
  Use: Scroll            |       |     4 |     4 |     5 ||    13
 Stab: Sleeping          |       |       |     1 |       ||     1
Armor: Robe              |     6 |    24 |    88 |       ||   118
       Steam dragon scal |       |       |    15 |    58 ||    73
       Acid dragon scale |       |       |       |    14 ||    14
Dodge: Dodged            |    12 |    36 |   237 |   164 ||   449

Table legend: (Time is in decaauts)
 A = Elapsed time spent in this place.
 B = Non-inter-level travel time spent in this place.
 C = Inter-level travel time spent in this place.
 D = Time resting spent in this place.
 E = Time spent auto-exploring this place.
 F = Levels seen in this place.
 G = Mean time per level.
                   A        B        C        D        E       F      G
               +--------+--------+--------+--------+--------+-----+--------+
         Total |  17376 |  16699 |    677 |   4102 |   8914 |  15 | 1158.4 |
       Dungeon |  15184 |  14543 |    641 |   2784 |   8695 |  11 | 1380.4 |
        Temple |    212 |    176 |     36 |      0 |    173 |   1 |  212.0 |
         Sewer |    501 |    501 |      0 |    365 |     39 |   1 |  501.0 |
        Bailey |    682 |    682 |      0 |    449 |      7 |   1 |  682.0 |
      Gauntlet |    795 |    795 |      0 |    504 |      0 |   1 |  795.0 |
               +--------+--------+--------+--------+--------+-----+--------+

Top non-repeatable levels by time:
     D:6: 2074 daAuts
    D:10: 1961 daAuts
     D:7: 1926 daAuts
     D:9: 1846 daAuts
     D:5: 1679 daAuts
     D:4: 1398 daAuts
     D:1: 1233 daAuts
     D:8: 1227 daAuts
     D:2: 1099 daAuts
Gauntlet: 795 daAuts
     D:3: 712 daAuts
  Bailey: 682 daAuts
   Sewer: 501 daAuts
  Temple: 212 daAuts
    D:11: 26 daAuts
